 Dungeon Crawl Stone Soup version 0.28-a0-664-gc179e30c89 (webtiles) character file.

Game seed: 6202861220144120700

102 serber55 the Sneak (level 4, -1/28 HPs)
             Began as an Octopode Earth Elementalist on Oct 15, 2021.
             Killed by divine providence
             ... invoked by an orc priest
              (16 damage)
             ... on level 3 of the Dungeon.
             The game lasted 00:07:30 (3138 turns).

serber55 the Sneak (Octopode Earth Elementalist)    Turns: 3138, Time: 00:07:30

Health: -1/28      AC:  1    Str: 13    XL:     4   Next: 78%
Magic:  7/7        EV: 13    Int: 18    God:
Gold:   131        SH:  0    Dex: 12    Spells: 4/8 levels left

rFire   . . .      SeeInvis .   i - +3 dagger
rCold   . . .      Faith    .   (no shield)
rNeg    + . .      Spirit   .   (helmet restricted)
rPois   .          Reflect  .   (no amulet)
rElec   .          Harm     .   a - ring of positive energy
rCorr   .          Rampage  .   h - +6 ring of strength
Will    .....                   (no ring)
Stlth   +++.......              (no ring)
HPRegen 0.09/turn               (no ring)
MPRegen 0.10/turn               (no ring)
                                (no ring)
                                (no ring)

@: no status effects
A: almost no armour, amphibious, 8 rings, camouflage 1, gelatinous body 1,
(nimble swimmer 1), tentacles
a: no special abilities


You were on level 3 of the Dungeon.
You visited 1 branch of the dungeon, and saw 3 of its levels.

You collected 131 gold pieces.

Inventory:

Hand Weapons
 f - a +0 hunting sling
 i - a +3 dagger (weapon)
Missiles
 b - 86 stones
 e - 5 poisoned darts
 g - 14 sling bullets
Jewellery
 a - a ring of positive energy (left tentacle)
 h - a +6 ring of strength (right tentacle)
Wands
 l - a wand of iceblast (8)
Scrolls
 d - a scroll of amnesia
Potions
 c - a potion of flight {unknown}
 j - a potion of ambrosia {unknown}
 k - a potion of curing {unknown}


   Skills:
 + Level 1.3 Fighting
 - Level 2.0 Dodging
 + Level 3.7 Stealth
 + Level 2.6 Spellcasting
 * Level 1.7 Conjurations
 - Level 1.4 Transmutations
 + Level 3.5 Earth Magic


You had 4 spell levels left.
You knew the following spells:

 Your Spells              Type           Power      Damage    Failure   Level
a - Sandblast             Erth           28%        2d8       4%          1
b - Stone Arrow           Conj/Erth      22%        3d8       17%         3

Your spell library contained the following spells:

 Spells                   Type           Power      Damage    Failure   Level
 Passwall                 Tmut/Erth      9%         N/A       10%         2
 Call Canine Familiar     Summ           2%         N/A       45%         3
 Portal Projectile        Hex/Tloc       4%         N/A       45%         3
 Petrify                  Tmut/Erth      11%        N/A       52%         4
 Leda's Liquefaction      Hex/Erth       4%         N/A       63%         4


Dungeon Overview and Level Annotations

Branches:
Dungeon (3/15)

Altars:
Ashenzari
Uskayaw


Innate Abilities, Weirdness & Mutations

You cannot wear most types of armour.
You are amphibious.
You can wear up to eight rings at the same time.
Your skin changes colour to match your surroundings (Stealth+).
Your rubbery body absorbs attacks. (AC +1, EV +1)
((You are camouflaged near water. (Stealth+)))
You have tentacles for arms and can constrict up to eight enemies at once.


Message History

The orc is heavily wounded.
An orc comes into view. It is wielding a +0 dagger.
Fire: 18 sling bullets
Press: ? - help, Q - select action, (/) - cycle Shift-Dir - straight line, f - orc
Aim: an orc, wielding a +0 hand axe (56% to hit)
You shoot a sling bullet. The sling bullet hits the orc.
The orc is almost dead.
An orc priest comes into view. It is wielding a +0 whip.
Fire: 17 sling bullets
Press: ? - help, Q - select action, (/) - cycle Shift-Dir - straight line, f/p - orc
Aim: an orc, wielding a +0 hand axe (almost dead, 56% to hit)
You shoot a sling bullet. The sling bullet hits the orc.
You kill the orc!
Unknown command.
Fire: 16 sling bullets
Press: ? - help, Q - select action, (/) - cycle Shift-Dir - straight line, f - orc
Aim: an orc, wielding a +0 short sword and wearing a +0 ring mail (heavily wounded, 60% to hit)
You shoot a sling bullet.
The sling bullet hits the orc but does no damage.
The orc is heavily wounded.
Fire: 15 sling bullets
Press: ? - help, Q - select action, (/) - cycle Shift-Dir - straight line, f/p - orc
Aim: an orc, wielding a +0 short sword and wearing a +0 ring mail (heavily wounded, 60% to hit)
You shoot a sling bullet. The sling bullet hits the orc.
The orc is almost dead.
The orc priest invokes the aid of Beogh against you.
Beogh smites you!
Really attack while wielding your +0 hunting sling?
Okay, then.
i - a +3 dagger (weapon)
The orc hits you with a +0 short sword.
You hit the orc but do no damage. You grab the orc. You squeeze the orc.
You kill the orc!
You hit the orc. Your grab misses the orc.
The orc is moderately wounded.
The orc hits you but does no damage.
The orc priest calls down the wrath of Beogh upon you.
Beogh smites you!
Ouch! That really hurt!
You die...

#...... #......
#####......
#.........>
##.#........
#####...........
###.....#.......#.
#...#####.......#.
##@### ##....)...
####..# #.......#.
#.).o##
#.......#รท #.####
#........#. #.(.#
#.#.....### #o###
#.##...## #(.
#..## #( #.# o.


You could see an orc priest and an orc.

Vanquished Creatures
  2 adders (D:2)
  2 dart slugs (D:1)
  5 orcs (D:3)
  6 ball pythons
  10 endoplasms
  3 giant cockroaches
  8 hobgoblins
  3 jackals
  7 kobolds
  A quokka (D:2)
  6 bats
  9 frilled lizards
  4 goblins
  3 rats
69 creatures vanquished.

Vanquished Creatures (others)
  7 plants (D:3)
7 creatures vanquished.

Grand Total: 76 creatures vanquished

Notes
Turn   | Place    | Note
-------+----------+-------------------------------------------
     0 | D:1      | serber55 the Octopode Earth Elementalist began the quest
                  | for the Orb.
     0 | D:1      | Reached XP level 1. HP: 11/11 MP: 3/3
   268 | D:1      | Reached XP level 2. HP: 13/18 MP: 0/5
   796 | D:1      | Found a faded altar of an unknown god.
   821 | D:1      | Reached XP level 3. HP: 15/22 MP: 3/6
   923 | D:1      | Learned a level 3 spell: Stone Arrow
  1118 | D:1      | Reached skill level 1 in Fighting
  1952 | D:2      | Reached skill level 1 in Conjurations
  2040 | D:2      | Reached XP level 4. HP: 28/28 MP: 5/7
  2645 | D:3      | Found a broken altar of Ashenzari.
  2756 | D:3      | Found a hide-covered altar of Uskayaw.
  3138 | D:3      | Killed from afar by an orc priest

Illustrated notes

Levels and vault maps discovered:
D:1:      giann_forest_graveyard, layout_basic,
          shapermc_ecumenical_altar_starsandcircs, minmay_close_crescents
D:2:      layout_basic
D:3:      layout_rooms, evilmike_ruin_ashenzari, mainiacjoe_overflow_paths,
          serial_glass, glass_columns_b, glass_columns_a, minmay_lizard_king

Skill      XL: |  1  2  3 |
---------------+----------+-----
Stealth        | 3 |  3.7
Fighting       | 1 |  1.3
Conjurations   | 1 |  1.7
Dodging        | |  2.0
Spellcasting   | |  2.6
Transmutations | |  1.4
Earth Magic    | |  3.5

Action                   |  1- 3 |  4- 6 || total
-------------------------+-------+-------++-------
Melee: Unarmed           |    13 |       ||    13
       Constrict         |    12 |    10 ||    22
       Tentacles         |    11 |    11 ||    22
       Whip              |    49 |     5 ||    54
       Dagger            |       |    41 ||    41
 Fire: Hunting sling     |    17 |     9 ||    26
 Cast: Sandblast         |    18 |     2 ||    20
  Use: Scroll            |       |     1 ||     1
 Stab: Sleeping          |     9 |     9 ||    18
       Distracted        |       |     1 ||     1
Armor: Skin              |     3 |     4 ||     7
Dodge: Dodged            |    38 |    16 ||    54

Table legend: (Time is in decaauts)
 A = Elapsed time spent in this place.
 B = Non-inter-level travel time spent in this place.
 C = Inter-level travel time spent in this place.
 D = Time resting spent in this place.
 E = Time spent auto-exploring this place.
 F = Levels seen in this place.
 G = Mean time per level.
                   A        B        C        D        E       F      G
               +--------+--------+--------+--------+--------+-----+--------+
         Total |   3141 |   2923 |    218 |    485 |   1911 |   3 | 1047.0 |
       Dungeon |   3141 |   2923 |    218 |    485 |   1911 |   3 | 1047.0 |
               +--------+--------+--------+--------+--------+-----+--------+

Top non-repeatable levels by time:
     D:1: 1600 daAuts
     D:2: 1028 daAuts
     D:3: 512 daAuts
